Cogmind - Beta 13 @@@ ROGUE MODE // 2024.03.08 @ 22:46:45 Player: darki Result: Destroyed by B-75 Beast with Magnetic Acceleration Cannon Performance ------------- Evolutions (5) 2500 Regions Visited (14) 2800 Robots Destroyed (110) 550 Value Destroyed (3813) 3813 Prototype IDs (28) 560 Alien Tech Used (0) 0 Bonus (562) 562 TOTAL SCORE: 10785 Bonus ------- High Alert Combat Kills 52 Follower Combat Kills 148 Entered DSFs 500 Aligned with FarCom 300 Friendly Fire -438 Cogmind --------- Core Integrity 0/1000 Matter 113/450 Energy 30/500 System Corruption 5% Temperature Warning (362) Movement Walking (190) Ox1 Location -5/Extension Parts ------- > --- POWER (1) -------- F-cell Engine > --- PROPULSION (4) --- Myomer Leg Myomer Leg > --- UTILITY (9) ------ Large Storage Unit Compact Matter Pod Improved Sensor Array > --- WEAPON (3) ------- Heavy Phase Cannon Magnetic Acceleration Cannon Tesla Bomb Launcher > --- INVENTORY (15) --- Neutrino Core Armored Medium Treads PSU Rigger Hypervelocity Coil Gun Magnetic Acceleration Cannon Magnetic Acceleration Cannon Magnetic Acceleration Cannon Magnetic Acceleration Cannon Smartbomb Launcher Peak State ------------ > --- POWER ------------ F-cell Engine > --- PROPULSION ------- Armored Medium Treads Myomer Leg Myomer Leg Myomer Leg > --- UTILITY ---------- Large Storage Unit Compact Matter Pod Precision Matter Filter Precision Matter Filter Precision Matter Filter Mini Drone Bay > --- WEAPON ----------- Magnetic Acceleration Cannon Magnetic Acceleration Cannon Magnetic Acceleration Cannon > --- INVENTORY -------- PSU Rigger Heavy Phase Cannon Hypervelocity Coil Gun Magnetic Acceleration Cannon Magnetic Acceleration Cannon Tesla Bomb Launcher Smartbomb Launcher [Rating: 83] Favorites ----------- Power Micro Nuclear Core Engine Ion Engine Power Core Micro Nuclear Core Propulsion Armored Treads Treads Armored Treads Leg Myomer Leg Wheel Armored Huge Wheel Hover Unit Improved Gravmag System Flight Unit Surge Thruster Utility Small Storage Unit Device Improved Cooling System Storage Small Storage Unit Processor Advanced Targeting Computer Hackware System Shield Protection Medium Armor Plating Weapon Advanced Assault Cannon Energy Gun Small Laser Energy Cannon Heavy Phase Cannon Ballistic Gun Assault Rifle Ballistic Cannon Advanced Assault Cannon Launcher Heavy Rocket Launcher Slashing Weapon Power Sword Build | -11 -10 -10 -10 -9 -8 -7 -7 -7 -6 -6 -6 -6 -5 -5 ------- Run | Yrd Mat Min Exi Min Mat Fac Low Low Fac Was Fac DSF Fac Ext Slots Evolved 10 | . . . . . 4 2 . . 2 . . . 2 . Power . | . . . . . . . . . . . . . . . Propulsion 2 | . . . . . . 1 . . 1 . . . . . Utility 7 | . . . . . 3 1 . . 1 . . . 2 . Weapon 1 | . . . . . 1 . . . . . . . . . Parts Attached 113 | . 8 1 . . 26 3 9 . 26 1 2 6 16 15 Power 7 | . 1 . . . 1 . 1 . 2 . . . 2 . Engine 6 | . 1 . . . . . 1 . 2 . . . 2 . Core 1 | . . . . . 1 . . . . . . . . . Reactor . | . . . . . . . . . . . . . . . Propulsion 25 | . 2 . . . 5 1 1 . 4 . . 6 2 4 Treads 17 | . 2 . . . 3 1 1 . 3 . . 5 2 . Leg 4 | . . . . . . . . . . . . . . 4 Wheel 1 | . . . . . 1 . . . . . . . . . Hover 1 | . . . . . . . . . 1 . . . . . Flight 2 | . . . . . 1 . . . . . . 1 . . Utility 35 | . 1 . . . 7 2 3 . 11 . 1 . 6 4 Device 18 | . 1 . . . 2 1 1 . 5 . 1 . 5 2 Storage 3 | . . . . . . . 1 . . . . . . 2 Processor 3 | . . . . . 1 . . . 2 . . . . . Hackware 1 | . . . . . . . . . 1 . . . . . Protection 10 | . . . . . 4 1 1 . 3 . . . 1 . Artifact . | . . . . . . . . . . . . . . . Weapon 46 | . 4 1 . . 13 . 4 . 9 1 1 . 6 7 Energy Gun 3 | . . . . . . . . . 1 . 1 . 1 . Energy Cannon 1 | . . . . . . . . . . . . . . 1 Ballistic Gun 2 | . . . . . . . . . 1 . . . 1 . Ballistic Cannon 20 | . 2 1 . . 10 . 1 . 1 1 . . . 4 Launcher 19 | . 2 . . . 3 . 3 . 6 . . . 3 2 Special Weapon . | . . . . . . . . . . . . . . . Impact Weapon . | . . . . . . . . . . . . . . . Slashing Weapon 1 | . . . . . . . . . . . . . 1 . Piercing Weapon . | . . . . . . . . . . . . . . . Special Melee Weapon . | . . . . . . . . . . . . . . . Unidentified Prototypes 5 | . . . . . 2 . . . 1 . . . 2 . Parts Lost 32 | . . 1 . . . . 4 . 14 3 . . 4 6 Power 1 | . . . . . . . . . . . . . 1 . Propulsion 7 | . . . . . . . . . 4 . . . 1 2 Utility 19 | . . . . . . . 4 . 6 3 . . 2 4 Weapon 5 | . . 1 . . . . . . 4 . . . . . Highest Loss Streak 9 | . . 1 . . . . 3 . 9 3 . . 2 3 To Critical Strikes . | . . . . . . . . . . . . . . . Average Slot Usage (%) 76 | . 96 99 100 100 92 94 85 92 65 26 3 6 21 64 Engine 5 | . 14 14 14 14 2 . . 7 5 . . . . 5 Core 2 | . . . . . 6 7 6 . . . . . . . Treads 15 | . 20 28 28 28 13 23 23 23 13 . . 6 4 2 Leg 2 | . 7 . . . . . . . . . . . . 10 Device 13 | . 11 14 14 14 17 15 8 15 14 8 3 . 7 19 Storage 8 | . 14 14 14 14 9 7 7 7 5 . . . . 8 Protection 6 | . . . . . 14 17 15 15 7 . . . 1 . Ballistic Cannon 16 | . 20 27 28 28 25 23 15 7 4 . . . . 12 Launcher 3 | . 5 . . . . . 6 15 10 . . . 2 1 Naked Turns 288 | . . . . . . . . . . 32 37 23 196 . Heaviest Build 74 | 11 17 17 17 17 46 48 49 49 60 9 1 . 47 74 Greatest Support 120 | 20 40 40 40 40 40 60 60 60 70 10 3 120 50 100 Greatest Overweight (x) 16 | . . . . . 2 . . . 16 2 . . 2 2 Average Overweight (x) . | . . . . . . . . . . . . . . . Largest Inventory Capacity 15 | . 8 8 8 8 8 8 8 8 8 5 5 5 5 15 Average Capacity 8 | . 8 8 8 8 8 8 8 8 7 5 5 5 5 13 Most Carried 11 | . 8 8 8 8 8 8 8 6 8 5 5 5 5 11 Average Carried 6 | . 7 7 7 8 7 7 5 6 6 4 4 5 4 7 Final Capacity 15 | 8 8 8 8 8 8 8 8 8 5 5 5 5 5 15 Final Carried 10 | 6 7 7 8 8 8 8 6 6 5 5 5 5 2 10 Class Distribution -------------------- 43% | Mutant 37% | Tank 17% | Skirmisher Dominant Class ---------------- Mutant | -10/Materials Mutant | -10/Mines Mutant | -10/Exiles Mutant | -9/Mines Tank | -8/Materials Tank | -7/Factory Tank | -7/Lower Caves Tank | -7/Lower Caves Tank | -6/Factory Mutant | -6/Waste Scout | -6/Factory Scout | -6/DSF Mutant | -5/Factory Skirmisher | -5/Extension Resources | -11 -10 -10 -10 -9 -8 -7 -7 -7 -6 -6 -6 -6 -5 -5 ----------- Run | Yrd Mat Min Exi Min Mat Fac Low Low Fac Was Fac DSF Fac Ext Matter Collected 3199 | 200 252 129 163 24 644 41 356 . 620 . . 25 369 376 Remotely . | . . . . . . . . . . . . . . . Salvage Created 3103 | . 275 34 . 38 660 41 453 . 834 . . . 542 226 Parts 169 | . 17 3 . 3 48 3 18 . 36 . . . 29 12 Haulers Intercepted 3 | . . . . . 2 . . . 1 . . . . . Recyclers Shooed 2 | . . . . . . . . . . . . . . 2 Parts Field Recycled . | . . . . . . . . . . . . . . . Retrieved Matter . | . . . . . . . . . . . . . . . Parts Self-Destructed 10 | . . . . . . . 10 . . . . . . . Prevented . | . . . . . . . . . . . . . . . Kills | -11 -10 -10 -10 -9 -8 -7 -7 -7 -6 -6 -6 -6 -5 -5 ------- Run | Yrd Mat Min Exi Min Mat Fac Low Low Fac Was Fac DSF Fac Ext Combat Hostiles Destroyed 78 | . 12 2 . 1 17 . 10 . 18 . . . 14 4 Melee 4 | . . . . . . . . . . . . . 4 . Guns 2 | . . . . . . . . . 2 . . . . . Cannons 40 | . 12 2 . 1 14 . 3 . 4 . . . . 4 AOE 31 | . . . . . 3 . 7 . 11 . . . 10 . Classes Destroyed 16 | . 4 1 . . 5 1 3 . 1 . . . 1 . Worker 7 | . . . . . 3 . . . 3 . . . 1 . Builder 9 | . . . . . 3 . . . 2 . . . 2 2 Tunneler 1 | . . 1 . . . . . . . . . . . . Hauler 3 | . . . . . 2 . . . 1 . . . . . Recycler 1 | . . . . . . 1 . . . . . . . . Operator 1 | . 1 . . . . . . . . . . . . . Watcher 8 | . 1 . . . 4 . . . 1 . . . 1 1 Swarmer 18 | . 6 2 . . 6 . . . . . . . 4 . Grunt 35 | . 6 . . 1 6 . 6 . 11 . . . 3 2 Brawler 1 | . . . . . . . . . . . . . 1 . Duelist 1 | . . . . . . . 1 . . . . . . . Sentry 13 | . . . . . 4 . . . 5 . . . 2 2 Hunter 4 | . . . . . . . . . 2 . . . 2 . Programmer 2 | . . . . . . . . . . . . . 2 . Heavy 1 | . . . . . 1 . . . . . . . . . Savage 3 | . . . . . . . 3 . . . . . . . Butcher 1 | . . . . . . . 1 . . . . . . . Mutant 1 | . . . . . . . 1 . . . . . . . Best Kill Streak 8 | . 6 2 . 1 8 1 4 . 8 . . . 7 2 Combat Bots Only 5 | . 4 2 . 1 3 . 4 . 5 . . . 5 1 Max Kills in Single Turn 6 | . 1 1 . 1 6 1 4 . 3 . . . 4 1 Gunslinging . | . . . . . . . . . . . . . . . Exploded 4 | . . . . . 2 . 4 . 2 . . . 3 . Melee 1 | . . . . . . . . . . . . . 1 . Uniques/NPCs Destroyed . | . . . . . . . . . . . . . . . Combat | -11 -10 -10 -10 -9 -8 -7 -7 -7 -6 -6 -6 -6 -5 -5 -------- Run | Yrd Mat Min Exi Min Mat Fac Low Low Fac Was Fac DSF Fac Ext Hostile Shots Fired 818 | . 47 14 . . 45 . 43 . 470 5 . 27 116 51 Missed 292 | . 10 4 . . 11 . 15 . 198 . . 10 29 15 Damage Taken 7744 | . 384 79 . 15 588 26 841 . 2276 257 . 485 1873 920 Core 2032 | . 50 10 . . 91 . 74 . 269 257 . 263 914 104 Absorbed by Shields 234 | . . . . . . . . . 234 . . . . . Redirected to Shielding 273 | . . . . . . . 117 . 156 . . . . . Ignored by Resistances 371 | . . . . . . . 23 . 348 . . . . . Core Remaining (%) 71 | 100 . . . 76 83 . . 89 . . . 7 . . Volleys Fired 167 | . 31 5 . 2 39 . 13 . 41 1 . . 7 28 Largest 3 | . 2 2 . 2 3 . 3 . 3 1 . . 1 3 Hottest 189 | . 70 70 . 70 144 . 144 . 121 48 . . 46 189 Shots Fired 362 | . 62 10 . 4 104 . 39 . 66 1 . . 7 69 Gun 12 | . . . . . . . . . 12 . . . . . Cannon 283 | . 60 10 . 4 101 . 30 . 18 1 . . . 59 Launcher 67 | . 2 . . . 3 . 9 . 36 . . . 7 10 Special . | . . . . . . . . . . . . . . . Kinetic 285 | . 60 10 . 4 101 . 30 . 24 1 . . . 55 Thermal 10 | . . . . . . . . . 6 . . . . 4 Explosive 40 | . 2 . . . 1 . 9 . 22 . . . 6 . Electromagnetic 27 | . . . . . 2 . . . 14 . . . 1 10 Robot Hit Streak 15 | . 6 2 . 3 6 . 11 . 9 . . . 9 15 Robot Miss Streak 4 | . 2 4 . 1 3 . 4 . 2 . . . . 4 Penetration Max . | . . . . . . . . . . . . . . . Secondary Targets . | . . . . . . . . . . . . . . . Shots Hit Robots 212 | . 34 4 . 3 52 . 25 . 37 . . . 15 42 Core Hits 201 | . 15 3 . 2 36 . 32 . 62 . . . 35 16 Critical Kills . | . . . . . . . . . . . . . . . Critical Parts Destroyed . | . . . . . . . . . . . . . . . Critical Strikes 18 | . 5 1 . . 2 . 1 . 2 . . . 2 5 Blast 16 | . 5 1 . . 2 . 1 . 2 . . . . 5 Sever 2 | . . . . . . . . . . . . . 2 . Melee Attacks 14 | . . . . . . . . . . . . . 14 . Impact . | . . . . . . . . . . . . . . . Slashing 14 | . . . . . . . . . . . . . 14 . Piercing . | . . . . . . . . . . . . . . . Sneak Attacks 1 | . . . . . . . . . . . . . 1 . Combat Hostiles . | . . . . . . . . . . . . . . . Follow-up Attacks . | . . . . . . . . . . . . . . . Damage Inflicted 11487 | . 611 94 . 52 1817 6 1574 . 3593 . . . 2271 1469 Guns 227 | . . . . . . . . . 227 . . . . . Cannons 4365 | . 562 94 . 52 1441 . 641 . 351 . . . . 1224 Explosions 6244 | . 49 . . . 376 . 933 . 3015 . . . 1629 242 Melee 571 | . . . . . . . . . . . . . 571 . Ramming 80 | . . . . . . 6 . . . . . . 71 3 Kinetic 4356 | . 562 94 . 52 1441 . 641 . 492 . . . . 1074 Thermal 236 | . . . . . . . . . 86 . . . . 150 Explosive 4760 | . 49 . . . 106 . 933 . 2222 . . . 1450 . Electromagnetic 1484 | . . . . . 270 . . . 793 . . . 179 242 Impact . | . . . . . . . . . . . . . . . Slashing 571 | . . . . . . . . . . . . . 571 . Piercing . | . . . . . . . . . . . . . . . Highest Corruption 15 | . 1 1 1 1 . . 2 2 4 15 15 15 3 5 Average Corruption 3 | . 1 1 1 1 . . 2 2 3 9 15 15 1 4 Corruption Purged . | . . . . . . . . . . . . . . . Corruption Blocked . | . . . . . . . . . . . . . . . Effects 77 | . 3 2 2 . . . 9 2 8 6 4 5 5 31 Message Errors 13 | . . . 1 . . . 1 . 1 1 . 2 3 4 Matter Fused 26 | . 1 . 1 . . . 5 1 1 1 . . . 16 Heat Flow Errors 6 | . . 1 . . . . 1 . 1 . . . . 3 Energy Discharges 8 | . . . . . . . . . 1 2 . 1 1 3 Parts Fused 2 | . . . . . . . . . 1 . 1 . . . Data Loss (minor) 10 | . . 1 . . . . . 1 2 . 2 . 1 3 Data Loss (major) 3 | . 1 . . . . . . . . . 1 . . 1 Misfires 2 | . . . . . . . 1 . 1 . . . . . Alerts 1 | . 1 . . . . . . . . . . . . . Misdirections 4 | . . . . . . . . . . 2 . 2 . . Weapon Failures 2 | . . . . . . . 1 . . . . . . 1 Overload Shots . | . . . . . . . . . . . . . . . Overflow Damage 271 | . . . . . 11 . 44 . 121 . . . 68 27 Projectiles 54 | . . . . . 2 . 6 . 19 . . . . 27 Explosions 169 | . . . . . 9 . 38 . 102 . . . 20 . Melee 48 | . . . . . . . . . . . . . 48 . Knockbacks 30 | . 14 . . . 4 . 4 . 3 . . . . 5 Impact . | . . . . . . . . . . . . . . . Kinetic 27 | . 12 . . . 4 . 4 . 3 . . . . 4 Secondary 3 | . 2 . . . . . . . . . . . . 1 Self-Inflicted Damage 331 | . . . . . 3 . 143 . 153 . . . 32 . Shots 13 | . . . . . 1 . 5 . 7 . . . . . Rammed 18 | . . . . . 1 . . . . . . . 17 . Targets Rammed 20 | . . . . . 1 1 . . . . . . 17 1 Kicked 1 | . . . . . . . . . . . . . . 1 Crushed 1 | . . . . . . 1 . . . . . . . . Highest Temperature 402 | . 129 211 . 27 6 . 112 . 116 . . . . 402 Average Temperature 72 | . 45 52 . 14 4 . 62 . 31 . . . . 112 Received Heat Transfer 1326 | . 147 . . 9 99 . 36 . 663 . . . 201 171 Effects 1 | . . . . . . . . . . . . . . 1 Interference 1 | . . . . . . . . . . . . . . 1 Siege Activations . | . . . . . . . . . . . . . . . Robots Corrupted 1 | . . . . . . . . . 1 . . . . . Combat Hostiles 1 | . . . . . . . . . 1 . . . . . Parts Fried 5 | . . . . . . . . . 4 . . . 1 . Impact Corruptions 1 | . . . . . . . . . . . . . . 1 Robots Melted . | . . . . . . . . . . . . . . . Combat Hostiles . | . . . . . . . . . . . . . . . Parts Melted . | . . . . . . . . . . . . . . . Heat Transferred 348 | . . . . . . . . . 200 . . . . 148 Parts Sabotaged 4 | . . . . . . . . . 4 . . . . . Parts Stolen . | . . . . . . . . . . . . . . . Parts Stripped . | . . . . . . . . . . . . . . . Power Chain Reactions 2 | . . . . . 1 . . . 1 . . . . . Alert | -11 -10 -10 -10 -9 -8 -7 -7 -7 -6 -6 -6 -6 -5 -5 ------- Run | Yrd Mat Min Exi Min Mat Fac Low Low Fac Was Fac DSF Fac Ext Peak Influence 549 | . 252 254 . 73 549 203 . . 538 112 57 57 307 184 Initial 198 | . . 87 . . 27 198 . . 18 66 57 42 29 149 Average 142 | . 114 132 . 70 150 201 . . 217 84 57 44 137 100 Maximum Alert Level 2 | . 1 1 . . 2 1 . . 2 . . . 1 . Low Security (%) 71 | . 76 75 . 100 73 24 . . 39 100 100 100 64 100 Level 1 25 | . 23 24 . . 15 75 . . 53 . . . 35 . Level 2 3 | . . . . . 11 . . . 7 . . . . . Level 3 . | . . . . . . . . . . . . . . . Level 4 . | . . . . . . . . . . . . . . . Level 5 . | . . . . . . . . . . . . . . . High Security . | . . . . . . . . . . . . . . . Max Security . | . . . . . . . . . . . . . . . Squads Dispatched 20 | . 2 . . . 3 1 . . 8 . . 1 5 . Investigation 4 | . 2 . . . . . . . 1 . . . 1 . Extermination 4 | . . . . . . 1 . . 1 . . . 2 . Reinforcement 7 | . . . . . 2 . . . 2 . . 1 2 . Assault 3 | . . . . . 1 . . . 2 . . . . . Garrison 2 | . . . . . . . . . 2 . . . . . Intercept . | . . . . . . . . . . . . . . . Searches Triggered . | . . . . . . . . . . . . . . . Construction Impeded 1 | . . . . . . . . . 1 . . . . . Haulers Reinforced 1 | . . . . . . . . . 1 . . . . . Active Scanning Responses . | . . . . . . . . . . . . . . . Cargo Convoy Interrupts . | . . . . . . . . . . . . . . . Stealth | -11 -10 -10 -10 -9 -8 -7 -7 -7 -6 -6 -6 -6 -5 -5 --------- Run | Yrd Mat Min Exi Min Mat Fac Low Low Fac Was Fac DSF Fac Ext Distress Signals 11 | . 2 . . . 4 . . . . . . . 2 3 Communications Jammed . | . . . . . . . . . . . . . . . Distress Signals . | . . . . . . . . . . . . . . . Times Spotted 134 | . 19 6 . 1 31 . 13 . 28 7 . 4 16 9 Peak Tracking Total 7 | . 7 3 . 1 6 1 5 . 6 6 . 4 6 4 Tactical Retreats 16 | . 2 . . . 4 . . . 5 1 . 1 2 1 Traps | -11 -10 -10 -10 -9 -8 -7 -7 -7 -6 -6 -6 -6 -5 -5 ------- Run | Yrd Mat Min Exi Min Mat Fac Low Low Fac Was Fac DSF Fac Ext Traps Triggered 18 | . 1 . . . 5 1 . . 2 . 1 1 1 6 Indirectly 7 | . . . . . 4 . . . . . . . . 3 Trap Hack Attempts . | . . . . . . . . . . . . . . . Triggered . | . . . . . . . . . . . . . . . Disarmed . | . . . . . . . . . . . . . . . Reprogrammed . | . . . . . . . . . . . . . . . Reused . | . . . . . . . . . . . . . . . Traps Extracted . | . . . . . . . . . . . . . . . Installed . | . . . . . . . . . . . . . . . Triggered 3 | . . . . . . . 3 . . . . . . . Machines | -11 -10 -10 -10 -9 -8 -7 -7 -7 -6 -6 -6 -6 -5 -5 ---------- Run | Yrd Mat Min Exi Min Mat Fac Low Low Fac Was Fac DSF Fac Ext Machines Disabled 13 | . . 1 . . 2 . . . 8 . . . 1 1 Max in Single Turn 3 | . . . . . 1 . . . 3 . . . 1 1 Garrison Access 1 | . . . . . . . . . 1 . . . . . Machines Repaired . | . . . . . . . . . . . . . . . Machines Dismantled . | . . . . . . . . . . . . . . . Machines Sabotaged . | . . . . . . . . . . . . . . . Overloaded Fab Kills . | . . . . . . . . . . . . . . . Hacking | -11 -10 -10 -10 -9 -8 -7 -7 -7 -6 -6 -6 -6 -5 -5 --------- Run | Yrd Mat Min Exi Min Mat Fac Low Low Fac Was Fac DSF Fac Ext Machines Accessed 17 | . 5 . 1 . 3 . . . 1 . 2 . 1 4 Terminals 16 | . 5 . . . 3 . . . 1 . 2 . 1 4 Fabricators . | . . . . . . . . . . . . . . . Repair Stations . | . . . . . . . . . . . . . . . Recycling Units . | . . . . . . . . . . . . . . . Scanalyzers . | . . . . . . . . . . . . . . . Garrison Access . | . . . . . . . . . . . . . . . Total Hacks 40 | . 14 . 1 . 9 . . . 4 . 3 . 1 8 Successful 19 | . 7 . 1 . 4 . . . 2 . 2 . 1 2 Failed 21 | . 7 . . . 5 . . . 2 . 1 . . 6 Catastrophic 5 | . 3 . . . 1 . . . . . . . . 1 Database Lockouts . | . . . . . . . . . . . . . . . Manual 27 | . 13 . 4 . 9 . . . . . 1 . . . Terminals 39 | . 14 . . . 9 . . . 4 . 3 . 1 8 Fabricators . | . . . . . . . . . . . . . . . Repair Stations . | . . . . . . . . . . . . . . . Recycling Units . | . . . . . . . . . . . . . . . Scanalyzers . | . . . . . . . . . . . . . . . Garrison Access . | . . . . . . . . . . . . . . . Terminal Hacks 10 | . 2 . 1 . 1 . . . 2 . 1 . 1 2 Open Door 2 | . . . . . . . . . . . . . . 2 Open DSF 2 | . . . . . . . . . . . 1 . 1 . Branch Access Points 1 | . 1 . . . . . . . . . . . . . Unreport Threat 2 | . . . . . . . . . 2 . . . . . Hauler Manifests 1 | . 1 . . . . . . . . . . . . . Zone Layout 1 | . . . . . 1 . . . . . . . . . Derelict Proto ID Bank 1 | . . . 1 . . . . . . . . . . . Fabricator Hacks . | . . . . . . . . . . . . . . . Repair Station Hacks . | . . . . . . . . . . . . . . . Recycling Unit Hacks . | . . . . . . . . . . . . . . . Scanalyzer . | . . . . . . . . . . . . . . . Garrison Access Hacks . | . . . . . . . . . . . . . . . Unauthorized Hacks 9 | . 5 . . . 3 . . . . . 1 . . . Terminals 9 | . 5 . . . 3 . . . . . 1 . . . Botnet 8 | . 4 . . . 3 . . . . . 1 . . . Operators 1 | . 1 . . . . . . . . . . . . . Fabricators . | . . . . . . . . . . . . . . . Repair Stations . | . . . . . . . . . . . . . . . Recycling Units . | . . . . . . . . . . . . . . . Scanalyzers . | . . . . . . . . . . . . . . . Garrison Access . | . . . . . . . . . . . . . . . Data Cores Recovered 1 | . 1 . . . . . . . . . . . . . Used 1 | . 1 . . . . . . . . . . . . . Hacking Detections 12 | . 5 . . . 3 . . . . . 1 . . 3 Full Trace Events 1 | . 1 . . . . . . . . . . . . . Feedback Events 1 | . 1 . . . . . . . . . . . . . Corruption 1 | . 1 . . . . . . . . . . . . . Feedback Blocked . | . . . . . . . . . . . . . . . Robot Schematics Acquired . | . . . . . . . . . . . . . . . Robots Built . | . . . . . . . . . . . . . . . Authchips . | . . . . . . . . . . . . . . . Time . | . . . . . . . . . . . . . . . Total Robot Build Rating . | . . . . . . . . . . . . . . . Part Schematics Acquired . | . . . . . . . . . . . . . . . Parts Built . | . . . . . . . . . . . . . . . Authchips . | . . . . . . . . . . . . . . . Time . | . . . . . . . . . . . . . . . Total Part Build Rating . | . . . . . . . . . . . . . . . Parts Repaired . | . . . . . . . . . . . . . . . Time . | . . . . . . . . . . . . . . . Parts Recycled . | . . . . . . . . . . . . . . . Recycled Matter . | . . . . . . . . . . . . . . . Retrieved Matter . | . . . . . . . . . . . . . . . Retrieved Components . | . . . . . . . . . . . . . . . Parts Scanalyzed . | . . . . . . . . . . . . . . . Part Schematics Acquired . | . . . . . . . . . . . . . . . Parts Damaged . | . . . . . . . . . . . . . . . Bothacking | -11 -10 -10 -10 -9 -8 -7 -7 -7 -6 -6 -6 -6 -5 -5 ------------ Run | Yrd Mat Min Exi Min Mat Fac Low Low Fac Was Fac DSF Fac Ext Used RIF Installer . | . . . . . . . . . . . . . . . Robots Hacked . | . . . . . . . . . . . . . . . Non-combat . | . . . . . . . . . . . . . . . Combat . | . . . . . . . . . . . . . . . Robot Hacks Applied . | . . . . . . . . . . . . . . . Relay Couplers Released 3 | . . . . . . . . . 3 . . . . . Machine Destruction 3 | . . . . . . . . . 3 . . . . . Fabnet Peak Effective % . | . . . . . . . . . . . . . . . Robots Rewired 5 | . . . . . . . 2 . . . . . . 3 Allies Hacked . | . . . . . . . . . . . . . . . Hacks Repelled . | . . . . . . . . . . . . . . . Allies | -11 -10 -10 -10 -9 -8 -7 -7 -7 -6 -6 -6 -6 -5 -5 -------- Run | Yrd Mat Min Exi Min Mat Fac Low Low Fac Was Fac DSF Fac Ext Total Allies 14 | . . 6 . . . . 2 . . . . . . 6 Largest Group 5 | . . 5 5 3 3 . 2 . . . . . . 4 Highest-Rated Group 121 | . . 93 93 40 40 . 40 . . . . . . 121 Highest-Rated Ally 39 | . . 31 31 16 16 . 20 . . . . . . 39 Total Orders 3 | . . . . . . . . . . . . . 3 . EXPLORE 3 | . . . . . . . . . . . . . 3 . Ally Attacks 95 | . . 15 . 6 29 . 3 . . . . . . 42 Total Damage 1159 | . . 97 . 73 262 . 86 . . . . . . 641 Kills 10 | . . 4 . 1 . . 1 . . . . . . 4 Allies Corrupted 1 | . . . . . . . . . . . . . . 1 Allies Melted . | . . . . . . . . . . . . . . . Intel | -11 -10 -10 -10 -9 -8 -7 -7 -7 -6 -6 -6 -6 -5 -5 ------- Run | Yrd Mat Min Exi Min Mat Fac Low Low Fac Was Fac DSF Fac Ext Robot Analysis Total . | . . . . . . . . . . . . . . . Derelict Logs Recovered 2 | . . 1 . . . . . 1 . . . . . . Drone Launches 3 | . . . . . . . . . . . . . 3 . Drone Recoveries 2 | . . . . . . . . . . . . . 2 . Exploration | -11 -10 -10 -10 -9 -8 -7 -7 -7 -6 -6 -6 -6 -5 -5 ------------- Run | Yrd Mat Min Exi Min Mat Fac Low Low Fac Was Fac DSF Fac Ext Turns Passed 6897 | . 581 755 413 53 1213 321 828 48 813 130 85 52 632 973 Spaces Moved 4046 | 1 305 450 257 29 488 179 428 29 476 198 161 66 509 470 Core 764 | . . . . . . . . . 115 77 161 50 361 . Treads 2482 | . 185 450 257 29 342 179 428 29 304 . . 9 148 122 Legs 469 | 1 120 . . . . . . . . . . . . 348 Wheels 146 | . . . . . 146 . . . . . . . . . Hover 178 | . . . . . . . . . 57 121 . . . . Flight 7 | . . . . . . . . . . . . 7 . . Fastest Speed 35 | 120 120 160 160 160 115 170 170 170 50 50 50 35 50 120 Average Speed 142 | 120 144 160 160 160 192 170 170 170 131 58 50 63 96 164 Slowest Speed 850 | 120 160 160 160 160 330 170 170 170 850 150 50 160 250 330 Overloaded Moves . | . . . . . . . . . . . . . . . Propulsion Burnouts . | . . . . . . . . . . . . . . . Robots Hopped . | . . . . . . . . . . . . . . . Cave-ins Triggered . | . . . . . . . . . . . . . . . Exploration Rate (%) 39 | 2 61 93 61 11 47 3 58 9 21 98 6 68 20 39 Regions Visited 14 Branch Regions 6 Pre-discovered Areas 1 | . . 1 . . . . . . . . . . . . Known Exits Taken 2 | . 1 . . . . . . . . . 1 . . . Unknown Exits Taken 9 | 1 . 1 1 1 1 1 1 1 . . . . 1 . Scrap Searched 2 | . . 1 . . . . 1 . . . . . . . Spaces Dug 3 | . . . . . 1 . . . 1 1 . . . . Terrain Destroyed 344 | . 13 . . . 37 . 122 . 108 1 . . 51 12 Melee . | . . . . . . . . . . . . . . . Projectile 47 | . . . . . 28 . 4 . 2 1 . . . 12 AOE 297 | . 13 . . . 9 . 118 . 106 . . . 51 . Terrain Rammed . | . . . . . . . . . . . . . . . Walls Destroyed . | . . . . . . . . . . . . . . . Machines Disabled . | . . . . . . . . . . . . . . . Actions | -11 -10 -10 -10 -9 -8 -7 -7 -7 -6 -6 -6 -6 -5 -5 --------- Run | Yrd Mat Min Exi Min Mat Fac Low Low Fac Was Fac DSF Fac Ext Total 4831 | . 386 475 261 32 677 198 496 28 597 211 165 73 621 611 Wait 320 | . 25 19 . 2 101 10 10 . 35 11 . . 48 59 Move 4033 | . 304 449 256 28 487 178 427 28 476 197 160 65 508 470 Hop . | . . . . . . . . . . . . . . . Pick Up 34 | . 7 1 3 . 6 3 . . 5 . 1 . 4 4 Fast Attach 59 | . 3 . . . 11 2 1 . 14 . 1 6 11 10 Attach 24 | . 1 1 . . 1 1 3 . 8 1 1 . 5 2 Detach 18 | . 3 . . . . . . . 6 1 1 1 1 5 Swap 30 | . 4 . . . 14 . 5 . 4 . . . . 3 Drop 46 | . 8 . 2 . 17 3 . . 8 . 1 1 6 . Fire 167 | . 31 5 . 2 39 . 13 . 41 1 . . 7 28 Melee 14 | . . . . . . . . . . . . . 14 . Ram 18 | . . . . . 1 . . . . . . . 17 . Kick 1 | . . . . . . . . . . . . . . 1 Crush 1 | . . . . . . 1 . . . . . . . . Escape Stasis 2 | . . . . . . . . . . . . . . 2 Rewire 64 | . . . . . . . 37 . . . . . . 27 Trap . | . . . . . . . . . . . . . . . Miscellaneous . | . . . . . . . . . . . . . . . Route ------- -11/Scrapyard -10/Materials (discovered 5 exits: [*Mat x3] / *Min x2) -10/Mines (discovered 3 exits: [*Mat x2] / *Exi) -10/Exiles -9/Mines -8/Materials -7/Factory -7/Lower Caves -7/Lower Caves -6/Factory (discovered 2 exits: *Fac / Low) -6/Waste -6/Factory -6/DSF -5/Factory -5/Extension History --------- Turn | Location | Event 1 | -11/Scrapyard | Discovered new exit (range 0) 1 | -11/Scrapyard | Entered Materials 140 | -10/Materials | Discovered new exit (range 14) 286 | -10/Materials | Identified exit to Mines 302 | -10/Materials | Build established: Mutant 346 | -10/Materials | Discovered new exit (range 15) 440 | -10/Materials | Discovered new exit (range 15) 582 | -10/Materials | Entered Mines 585 | -10/Mines | Received a Mining Laser from a helpful Derelict 622 | -10/Mines | Discovered new exit (range 8) 650 | -10/Mines | Met a Derelict bent on vengeance 694 | -10/Mines | Assisted by bots powering up and referring to "LRC-V3" 722 | -10/Mines | Discovered new exit (range 8) 1010 | -10/Mines | Learned location of Zion (-7) 1316 | -10/Mines | Deemed a non-threat by the Exiles lab entrance 1316 | -10/Mines | Discovered new exit (range 5) 1337 | -10/Mines | Entered Exiles 1337 | -10/Exiles | Accompanied by 5 allies 1367 | -10/Exiles | Led the pair of lost Derelicts to a safe place 1382 | -10/Exiles | Met 8R-AWN 1407 | -10/Exiles | Met EX-HEX 1455 | -10/Exiles | Met EX-BIN 1478 | -10/Exiles | Aligned with FarCom system 1479 | -10/Exiles | Given EX-Vault access code 1516 | -10/Exiles | Opened EX-Vault 1536 | -10/Exiles | Found PSU Rigger 1569 | -10/Exiles | Warned to stay clear of 0b10 Research branches 1619 | -10/Exiles | Met EX-DEC 1732 | -10/Exiles | Discovered new exit (range 14) 1750 | -10/Exiles | Left Exiles lab with PSU Rigger 1750 | -10/Exiles | Entered Mines 1750 | -9/Mines | Accompanied by 3 allies 1777 | -9/Mines | Discovered new exit (range 15) 1803 | -9/Mines | Entered Materials 1803 | -8/Materials | Accompanied by 3 allies 1803 | -8/Materials | Evolved 4 slots: Utility x3, Weapon x1 2344 | -8/Materials | Build established: Tank 2906 | -8/Materials | Discovered new exit (range 14) 3003 | -8/Materials | First assault squad dispatched 3016 | -8/Materials | Entered Factory 3016 | -7/Factory | Evolved 2 slots: Propulsion x1, Utility x1 3054 | -7/Factory | Discovered new exit (range 8) 3337 | -7/Factory | Entered Lower Caves 3340 | -7/Lower Caves | Attacked by a faux Warlord 3399 | -7/Lower Caves | Lost 3 parts (3u) 4120 | -7/Lower Caves | Discovered new exit (range 14) 4165 | -7/Lower Caves | Entered another Lower Caves area 4186 | -7/Lower Caves | Discovered new exit (range 16) 4195 | -7/Lower Caves | Encountered a Warlord checkpoint 4213 | -7/Lower Caves | Entered Factory 4213 | -6/Factory | Evolved 2 slots: Propulsion x1, Utility x1 4214 | -6/Factory | Identified exit to Lower Caves 4426 | -6/Factory | Found Hvy. Reflective Plating 4563 | -6/Factory | First assault squad dispatched 4609 | -6/Factory | Lost 4 parts (1n3u) 4909 | -6/Factory | Lost 9 parts (2n3u4w) 4953 | -6/Factory | Spotted B-75 Beast 5026 | -6/Factory | Discovered new exit (range 16) 5026 | -6/Factory | Sucked down chute 5026 | -6/Factory | Entered Waste 5041 | -6/Waste | EMP discharged 5041 | -6/Waste | System corruption reached 10% 5052 | -6/Waste | Spotted C-40 Crusher 5066 | -6/Waste | Spotted C-40 Crusher 5079 | -6/Waste | Spotted C-40 Crusher 5094 | -6/Waste | Spotted C-40 Crusher 5096 | -6/Waste | Spotted C-40 Crusher 5101 | -6/Waste | Spotted C-40 Crusher 5102 | -6/Waste | Crushed by Compactor (1 part destroyed, 1 dropped) 5108 | -6/Waste | Crushed by Compactor (1 part destroyed, 2 dropped) 5124 | -6/Waste | Crushed by Compactor (1 part destroyed) 5128 | -6/Waste | Core integrity fell below 50% 5141 | -6/Waste | EMP discharged 5148 | -6/Waste | Build established: Mutant 5148 | -6/Waste | Discovered new exit (range 10) 5155 | -6/Waste | Lost 3 parts (3u) 5156 | -6/Waste | Entered Factory 5241 | -6/Factory | Identified exit to DSF 5241 | -6/Factory | Entered DSF 5263 | -6/DSF | Additional patrols routed to DSF 5269 | -6/DSF | Core integrity fell below 20% 5285 | -6/DSF | Discovered new exit (range 16) 5293 | -6/DSF | Entered Factory 5293 | -5/Factory | Evolved 2 slots: Utility x2 5479 | -5/Factory | Core integrity fell below 50% 5565 | -5/Factory | Core integrity fell below 20% 5661 | -5/Factory | Found Prototype Launcher 5661 | -5/Factory | Identified Tesla Bomb Launcher 5880 | -5/Factory | Discovered new exit (range 14) 5925 | -5/Factory | Entered Extension 6404 | -5/Extension | Build established: Skirmisher 6414 | -5/Extension | Rescued a captive Derelict 6501 | -5/Extension | Rescued a captive Derelict 6502 | -5/Extension | Rescued a captive Derelict 6868 | -5/Extension | Spotted B-75 Beast 6896 | -5/Extension | Allies destroyed B-75 Beast 6898 | -5/Extension | Destroyed by B-75 Beast with Magnetic Acceleration Cannon Last Messages --------------- (Destroy). 06889_ HV Slug penetrates B-75 Beast. 06890_ B-75 Beast suffers critical hit (Burn). 06891_ Myomer Leg destroyed. 06891_ U-05 Engineer lays Concrete. 06891_ HV Slug penetrates U-05 Engineer. 06891_ U-05 Engineer suffers critical hit (Destroy). 06892_ U-05 Engineer destroyed. 06893_ HV Slug penetrates B-75 Beast. 06895_ B-75 Beast suffers critical hit (Destroy). 06895_ HV Slug penetrates B-75 Beast. 06896_ B-75 Beast destroyed. 06896_ Prc. Matter Filter destroyed. 06897_ Y-64 Sentinel Imp. Medium Armor Plating blasted off. 06898_ Overheating: System interference. 06898_ Magnetic Acceleration Cannon temporarily disabled. Map ----- +----------------------------------------------------+ | ?????????###???## ##??????????#T #??????????????? | | ????????????????# T#??????????##"##??????????????? | | ????????????????#"##?????????????????????????????? | | ?????????????????????????????????????????????????? | | ?????????????????????????????????????????????????? | | ?????????????????????????????????????????????????? | | ?????????????????????????????????????????????????? | | ?????????????????????????????????????????????????? | | ?????????????????????????????????????????????????? | | ?????????????????????????????????????????????????? | | ?????????????????????????????????????????????????? | | ?????????????????????????????????????????????????? | | ?????????????????????????????????????????????????? | | ?????????????????????????????????????????????????? | | ?????????????????????????????????????????????????? | | ?????????????????????????????????????????????????? | | ?????????????????????????????????????????????????? | | ?????????????????????????????????????????????????? | | ?????????????????????????????????????????????????? | | ?????????????????????????????????????????????????? | | ?????????????????????????????????????????????????? | | ?????????????????????????????????????????????????? | | ???????????????????????##?##?????????????????????? | | ##########################;##;####### ????????? | | % Y ????????? | | b b @ %! ????????? | | % h% % ????????? | | g % %= ????????? | | %=% % ?????????? | | #################################### ?????????? | | ?????????????????????????????????????????????????? | | ?????????????????????????????????????????????????? | | ?????????????????????????????????????????????????? | | ?????????????????????????????????????????????????? | | ?????????????????????????????????????????????????? | | ?????????????????????????????????????????????????? | | ?????????????????????????????????????????????????? | | | | | | | | | | | | | | | | | | | | | | | | | | | +----------------------------------------------------+ Best States ------------- Heat Dissipation 75 Energy Generation 19 Energy Capacity 500 Matter Stores 300 Matter Capacity 450 Sight Range 16 Robot Scan Range 15 Terrain Scan Density 10 Armor Coverage 600 Resistance: TH 25 Resistance: EX 25 Propulsion Shielding 33 Weapon Shielding 66 Evasion (%) 63 Targeting Accuracy 16 Recoil Reduction 4 Matter Filtering 50 Defensive Hacking 10 Item Schematics ----------------- None Robot Schematics ------------------ None Fabricated ------------ Nothing Alien Tech Used ----------------- None Achievements -------------- None Challenges ------------ None Game ------ Seed NuclearBeamComputer Manual? 0 Play Time 01:02:19 Cumulative 148.5 hours Start 2024.03.08 @ 21:44:57 End 2024.03.08 @ 22:46:45 Sessions 1 Manual Loads 0 Difficulty Rogue Special Mode None Game No. 163 Rogue 163 Adventurer 0 Explorer 0 Win Type - Total 0 Types 0/0/0/0/0/0/0/0/0 Lore% 52 Gallery% 68 Achievement% 54 Wizard Run 0 Options --------- Layout 1 ASCII 0 Keyboard 0 Movement Numpad Keybinds 0 Fullscreen 1 Font 24/Smallcaps Map View 50x35 Zoom Use 0% Tactical HUD 1 Map Filters NONE Filters NONE Steam 1 RUN: b7ccdee2-0630-4d72-8030-756e3d499b25